 Dungeon Crawl Stone Soup version 0.27-a0-124-g19cb506db8 (webtiles) character file.

Game seed: 10437006369207084103

11 tsouns the Sneak (level 2, -7/21 HPs)
             Began as an Octopode Delver on Jan 25, 2021.
             Mangled by a river rat (10 damage)
             ... in a sewer.
             The game lasted 00:00:41 (88 turns).

tsouns the Sneak (Octopode Delver)                    Turns: 88, Time: 00:00:42

Health: -7/21      AC:  1    Str: 11    XL:     2   Next: 25%
Magic:  2/2        EV: 13    Int: 12    God:
Gold:   0          SH:  0    Dex: 13    Spells: 1/1 levels left

rFire    . . .     SeeInvis .   a - +0 short sword
rCold    . . .     Faith    .   (no shield)
rNeg     . . .     Spirit   .   (helmet restricted)
rPois    .         Reflect  .   (no amulet)
rElec    .         Harm     .   (no ring)
rCorr    .         Rampage  .   (no ring)
Will     .....                  (no ring)
Stlth    +++++.....             (no ring)
HPRegen  0.07/turn              (no ring)
MPRegen  0.08/turn              (no ring)
                                (no ring)
                                (no ring)

@: no status effects
A: almost no armour, stealthy swim, amphibious, 8 rings, constrict 8, camouflage
1, gelatinous body 1
a: no special abilities


You were in a sewer.
You visited 1 branch of the dungeon, and saw 1 of its levels.
You also visited: Sewer.

Inventory:

Hand Weapons
 a - a +0 short sword (weapon)
Wands
 f - a wand of digging (3)
Scrolls
 b - a scroll of fog
 c - a scroll of magic mapping
 d - a scroll of fear
Potions
 e - a potion of haste


   Skills:
 + Level 3.1 Fighting
 + Level 2.0 Short Blades
 + Level 2.0 Dodging
 + Level 7.1 Stealth


You had one spell level left.
You didn't know any spells.
Your spell library was empty.

Dungeon Overview and Level Annotations

Branches:
Dungeon (5/15)              Sewer (1/1)
 Temple: D:4-7

Altars:


Innate Abilities, Weirdness & Mutations

You cannot wear most types of armour.
You are very stealthy in the water. (Stealth+)
You are amphibious.
You can wear up to eight rings at the same time.
You can use your tentacles to constrict eight enemies at once.
Your skin changes colour to match your surroundings (Stealth+).
Your rubbery body absorbs attacks. (AC +1, EV +1)


Message History

You kill the rat!
No target in view!
The rat barely misses you. The rat misses you.
You hit the river rat but do no damage. Your grab misses the river rat.
You squeeze the river rat, but do no damage.
The rat closely misses you. The river rat bites you.
You closely miss the river rat. You grab the river rat.
You constrict the river rat. The rat bites you. The river rat bites you.
You release your grip on the river rat.
The rat misses you.
An adder comes into view.
The river rat bites you.
* * * LOW HITPOINT WARNING * * *
The rat bites you.
* * * LOW HITPOINT WARNING * * *
The rat completely misses you.
You hit the rat.
You kill the rat!
The river rat bites you!
You die...

... ##..... .... J...#
#...... .≈.≈
......##..... .≈≈≈≈
.......S.....####..≈≈≈
..........≈.≈##≈≈≈≈≈≈≈≈
..≈..≈≈.≈≈≈≈≈≈≈≈≈≈≈≈≈≈≈
≈≈≈≈≈≈≈≈≈≈≈≈≈≈≈≈≈≈≈≈≈≈≈
≈≈≈≈≈≈≈≈≈≈≈≈≈≈≈r@≈≈≈≈≈≈≈
.≈≈...≈≈≈≈≈≈≈≈≈≈≈≈≈≈≈≈≈≈
≈......≈≈≈≈≈≈≈r≈≈≈≈≈≈≈≈≈
.........≈..≈≈.≈.≈≈≈≈≈≈≈
.................≈.≈...≈
........................
...........##...........
##.......#####........#
##..##...######...####


You could see an adder (asleep), a river rat and a rat.

Vanquished Creatures
  An adder (D:5)
  A frilled lizard (D:5)
  2 rats (Sewer)
4 creatures vanquished.

Notes
Turn   | Place    | Note
-------+----------+-------------------------------------------
     0 | D:5      | tsouns the Octopode Delver began the quest for the Orb.
     0 | D:5      | Reached XP level 1. HP: 16/16 MP: 1/1
    29 | D:5      | Found a glowing drain.
    33 | D:5      | Reached skill level 7 in Stealth
    33 | D:5      | Reached XP level 2. HP: 20/21 MP: 2/2
    40 | Sewer    | Entered a sewer
    88 | Sewer    | Mangled by a river rat

Illustrated notes

Levels and vault maps discovered:
D:5:      layout_basic, portal_sewer_entry_d, corner_web_ring, uniq_duvessa,
          uniq_eustachio
Sewer:    sewer_minmay_treatment

Skill      XL: |  1 |
---------------+----+-----
Stealth        | 7 |  7.1
Fighting       | |  3.1
Short Blades   | |  2.0
Dodging        | |  2.0

Action                   || total
-------------------------++-------
Melee: Short sword       ||     8
       Tentacles         ||     2
       Constrict         ||     2
  Use: Scroll            ||     1
 Stab: Sleeping          ||     1
Dodge: Dodged            ||     7

Table legend: (Time is in decaauts)
 A = Elapsed time spent in this place.
 B = Non-inter-level travel time spent in this place.
 C = Inter-level travel time spent in this place.
 D = Time resting spent in this place.
 E = Time spent auto-exploring this place.
 F = Levels seen in this place.
 G = Mean time per level.
                   A        B        C        D        E       F      G
               +--------+--------+--------+--------+--------+-----+--------+
         Total |     87 |     87 |      0 |      0 |     10 |   2 |   43.5 |
       Dungeon |     40 |     40 |      0 |      0 |      3 |   1 |   40.0 |
         Sewer |     47 |     47 |      0 |      0 |      7 |   1 |   47.0 |
               +--------+--------+--------+--------+--------+-----+--------+

Top non-repeatable levels by time:
   Sewer: 47 daAuts
     D:5: 40 daAuts
